 Dungeon Crawl Stone Soup version 0.25.0-11-g1f837a76a1 (webtiles) character file.

Game seed: 8781382222806137978

125 dvd2 the Slasher (level 4, -4/34 HPs)
             Began as a Demonspawn Gladiator on June 27, 2020.
             Slain by an orc
             ... wielding a +0 war axe of electrocution
              (19 damage)
             ... on level 3 of the Dungeon.
             The game lasted 00:04:28 (2417 turns).

dvd2 the Slasher (Demonspawn Gladiator)             Turns: 2417, Time: 00:04:28

Health: -4/34      AC: 18    Str: 15    XL:     4   Next: 82%
Magic:  4/4        EV:  5    Int: 10    God:
Gold:   131        SH:  0    Dex: 14    Spells: 3/3 levels left

rFire    . . .     SeeInvis .   a - +0 long sword
rCold    . . .     Gourm    .   (no shield)
rNeg     . . .     Faith    .   m - +4 plate armour
rPois    .         Spirit   .   c - +0 helmet
rElec    .         Reflect  .   (no cloak)
rCorr    +         Harm     .   x - +0 pair of gloves
MR       .....                  (no boots)
Stlth    ..........             (no amulet)
HPRegen  0.11/turn              p - ring of resist corrosion
MPRegen  0.09/turn              (no ring)

@: no status effects
A: claws 1, slimy green scales 1
a: no special abilities


You were on level 3 of the Dungeon.
You were not hungry.

You visited 1 branch of the dungeon, and saw 3 of its levels.

You collected 131 gold pieces.

Inventory:

Hand Weapons
 a - a +0 long sword (weapon)
 b - a +0 war axe
 v - a +0 whip of venom
Missiles
 d - 2 throwing nets (quivered)
Armour
 c - a +0 helmet (worn)
 m - a +4 plate armour (worn)
 x - a +0 pair of gloves (worn)
Jewellery
 p - a ring of resist corrosion (left hand)
 q - an uncursed amulet of faith
 s - an uncursed ring of fire
Scrolls
 i - 5 scrolls of identify {unknown}
 k - a scroll of remove curse {unknown}
 o - a scroll of fear {unknown}
 r - a scroll of teleportation {unknown}
 u - a scroll of noise {unknown}
Potions
 e - 3 potions of heal wounds {unknown}
 g - 2 potions of berserk rage {unknown}
 h - a potion of might {unknown}
 j - a potion of haste {unknown}
 l - a potion of mutation {unknown}
 n - a potion of degeneration {unknown}
 t - a potion of curing {unknown}
Comestibles
 f - 7 rations
 w - 19 chunks of flesh


   Skills:
 + Level 2.3 Fighting
 + Level 4.1 Long Blades
 + Level 1.7 Throwing
 * Level 1.4 Armour
 + Level 3.2 Dodging
 + Level 0.2 Stealth


You had 3 spell levels left.
You didn't know any spells.
Your spell library was empty.

Dungeon Overview and Level Annotations

Branches:
Dungeon (3/15)

Altars:


Innate Abilities, Weirdness & Mutations

You have sharp fingernails.
You are partially covered in slimy green scales. (AC +2)


Message History

Throwing (i - inventory)
d - 3 throwing nets (quivered)
Press: ? - help, Shift-Dir - straight line, f - orc
Aim: an orc, wielding a +0 war axe of electrocution and wearing a +0 leather armour You throw a throwing net.
The throwing net hits the orc.
The orc is caught in the net!
The orc struggles against the net.
The orc struggles against the net.
Your plate armour prevents you from hitting the orc.
The orc struggles against the net. x2
Your plate armour prevents you from hitting the orc.
The orc struggles against the net.
The net rips apart, and the orc comes free!
You hit the orc.
The orc is severely wounded.
The orc hits you but does no damage.
You are electrocuted!
You barely miss the orc.
The orc is severely wounded.
The orc hits you with a +0 war axe of electrocution.
You are electrocuted!!
Ouch! That really hurt!
You die...

#.......# #.......#
### #.......#
..###.......#
............#
....#.......#
.....###.####
.......#.###########
................@oo#
...........#######.#
....##.#...# #.#
..#.##.....# #.#
.##.####..## ...
.##.####..## #o.
.##........# ....
.#####.....# ...o .#
#.....#


You could see 2 orcs.

Vanquished Creatures
  A howler monkey (D:2)
  2 adders (D:2)
  An ooze (D:2)
  3 orcs (D:3)
  4 giant cockroaches
  8 goblins
  6 hobgoblins
  8 jackals
  10 bats
  A frilled lizard (D:2)
  9 kobolds
  4 rats
57 creatures vanquished.

Notes
Turn   | Place    | Note
-------+----------+-------------------------------------------
     0 | D:1      | dvd2 the Demonspawn Gladiator began the quest for the Orb.
     0 | D:1      | Reached XP level 1. HP: 16/16 MP: 1/1
   132 | D:1      | Reached skill level 3 in Long Blades
   135 | D:1      | Gained mutation: You have sharp fingernails. [demonic
                  | ancestry]
   135 | D:1      | Reached XP level 2. HP: 16/22 MP: 2/2
   942 | D:1      | Gained mutation: You are partially covered in slimy green
                  | scales. (AC +2) [demonic ancestry]
   942 | D:1      | Reached XP level 3. HP: 25/27 MP: 3/3
  1457 | D:2      | Reached skill level 1 in Armour
  1457 | D:2      | Reached XP level 4. HP: 26/33 MP: 4/4
  1875 | D:2      | Reached skill level 4 in Long Blades
  2417 | D:3      | Slain by an orc

Illustrated notes

Levels and vault maps discovered:
D:1:      heliophobic_arrival_ceremonial_halls, layout_basic, dk_noncrumbling_3,
          minmay_tetromino_t2
D:2:      layout_basic, hex_tiny
D:3:      layout_loops_cross, minmay_statues_item

Skill      XL: |  1  2  3  4 |
---------------+-------------+-----
Long Blades    | 3 4 |  4.1
Dodging        | 3 |  3.2
Armour         | 1 |  1.4
Fighting       | |  2.3
Throwing       | |  1.7
Stealth        | |  0.2

Action                   |  1- 3 |  4- 6 || total
-------------------------+-------+-------++-------
Melee: Long sword        |   131 |   103 ||   234
Throw: Throwing net      |       |     1 ||     1
 Stab: Sleeping          |     1 |       ||     1
  Eat: Chunk             |     2 |     3 ||     5
Armor: Leather armour    |    42 |       ||    42
       Plate armour      |    37 |   107 ||   144
Dodge: Dodged            |   139 |    31 ||   170
       Rpst.: Long sword |    42 |    11 ||    53
